 Dungeon Crawl Stone Soup version 0.28.0-47-ge53b351184 (webtiles) character file.

Game seed: 14844115110608281203

1436 issech the Ducker (level 8, 0/74 (79) HPs)
             Began as a Troll Fighter on May 2, 2022.
             Slain by a troll (5 damage)
             ... on level 7 of the Dungeon.
             The game lasted 00:18:53 (6475 turns).

issech the Ducker (Troll Fighter)                   Turns: 6475, Time: 00:18:53

HP:   0/74 (79)     AC:  6    Str: 31    XL:     8   Next: 45%
MP:   7/7           EV:  9    Int:  4    God:
Gold: 428           SH:  8    Dex: 11    Spells: 7/7 levels left

rFire   + . .      SeeInvis .   y - +3 dagger (drain)
rCold   . . .      Faith    .   c - +0 kite shield
rNeg    . . .      Spirit   .   b - +0 robe
rPois   .          Reflect  .   (helmet restricted)
rElec   .          Harm     .   K - +1 cloak
rCorr   .          Rampage  .   (gloves unavailable)
Will    .....                   (boots unavailable)
Stlth   +.........              (no amulet)
HPRegen 1.02/turn               H - ring of protection from fire
MPRegen 0.10/turn               N - +6 ring of strength

@: marked, drained
A: large, unfitting armour, claws 3, regeneration 1, shaggy fur 1, tough skin 1
a: no special abilities


You were on level 7 of the Dungeon.
You visited 1 branch of the dungeon, and saw 7 of its levels.

You collected 428 gold pieces.

Inventory:

Hand Weapons
 a - a +0 flail
 k - a +0 dagger of venom
 m - a +0 long sword
 n - a +0 hunting sling
 y - a +3 dagger of draining (weapon)
 D - a +2 quarterstaff of chaos
 O - a +3 dire flail
Missiles
 e - 179 stones
 g - 3 poisoned darts
 t - 26 sling bullets
 u - 54 bolts
 w - 4 boomerangs (quivered)
 F - a throwing net
 G - a curare-tipped dart
 M - 54 arrows
Armour
 b - a +0 robe (worn)
 c - a +0 kite shield (worn)
 E - a +0 cloak
 K - a +1 cloak (worn)
Magical Staves
 h - a staff of death
Jewellery
 H - a ring of protection from fire (left claw)
 J - a ring of ice
 N - a +6 ring of strength (right claw)
Wands
 C - a wand of paralysis (12)
Scrolls
 f - 3 scrolls of fear {unknown}
 i - 2 scrolls of blinking {unknown}
 l - 5 scrolls of teleportation {unknown}
 p - 11 scrolls of identify {unknown}
 q - 2 scrolls of amnesia {unknown}
 B - a scroll of enchant weapon {unknown}
 L - a scroll of magic mapping {unknown}
Potions
 d - 2 potions of might
 j - 4 potions of heal wounds {unknown}
 o - a potion of degeneration {unknown}
 r - 3 potions of curing {unknown}
 s - a potion of brilliance {unknown}
 v - 2 potions of invisibility {unknown}
 x - a potion of haste {unknown}
 z - 2 potions of attraction {unknown}
 A - 2 potions of ambrosia {unknown}
 I - a potion of flight {unknown}


   Skills:
 + Level 4.3 Fighting
 + Level 3.8 Short Blades
 + Level 4.0 Maces & Flails
 + Level 4.8 Dodging
 + Level 0.5 Stealth
 + Level 4.5 Shields


You had 7 spell levels left.
You didn't know any spells.
Your spell library contained the following spells:

 Spells                   Type           Power      Damage    Failure   Level
 Animate Skeleton         Necr           0%         N/A       78%         1
 Pain                     Necr           0%         1d4       78%         1
 Summon Small Mammal      Summ           0%         N/A       78%         1
 Ensorcelled Hibernation  Hex/Ice        0%         N/A       89%         2
 Passwall                 Tmut/Erth      0%         N/A       89%         2
 Call Canine Familiar     Summ           0%         N/A       98%         3
 Summon Guardian Golem    Hex/Summ       0%         N/A       98%         3
 Swiftness                Air            0%         N/A       98%         3
 Vampiric Draining        Necr           0%         2d6       98%         3


Dungeon Overview and Level Annotations

Branches:
Dungeon (7/15)
 Temple: D:4-7

Altars:
Ashenzari
Cheibriados
Gozag
Trog
Wu Jian

Shops:
D:4 *   D:7 :[[*

Annotations:
D:7 Harold, Menkaure


Innate Abilities, Weirdness & Mutations

You are too large for most types of armour.
You have claws for hands.
Your natural rate of healing is unusually fast.
You are covered in fur. (AC +1)
You have tough skin. (AC +1)


Message History

Harold thinks, and says "Perhaps I'll take up carpentry after I'm done here..."
Harold casts a spell at you. A sentinel's mark forms upon you.
The troll bites you but does no damage. You block the troll's attack.
The troll claws you.
* * * LOW HITPOINT WARNING * * *
The wight barely misses you. Harold barely misses you.
Harold points at you and mumbles some strange words.
The mark upon you grows brighter.
There is an open door here.
Found an escape hatch in the ceiling.
Found 21 gold pieces.
A centaur zombie comes into view.
A gnoll comes into view. It is wielding a +0 halberd.
A gnoll comes into view. It is wielding a +0 spear of venom.
Menkaure calls on the powers of darkness!
Harold convulses!
The troll convulses!
Your body is wracked with pain!
* * * LOW HITPOINT WARNING * * *
The centaur zombie hits you.
* * * LOW HITPOINT WARNING * * *
The centaur zombie barely misses you.
A gnoll comes into view. It is wielding a +3 whip.
A gnoll comes into view. It is wielding a +0 spear.
The centaur zombie hits you but does no damage.
The centaur zombie kicks you but does no damage.
Menkaure's bandages flutter.
Harold says, "Ah, this is what I got into this business for!"
The centaur zombie barely misses you.
The centaur zombie kicks you but does no damage.
There is an escape hatch in the ceiling here.
Menkaure calls on the powers of darkness!
Harold convulses!
The gnoll convulses!
The troll convulses!
The gnoll convulses! x2; Your body is wracked with pain!
* * * LOW HITPOINT WARNING * * *
The gnoll convulses!
The centaur zombie hits you but does no damage.
You block the centaur zombie's attack. The troll closely misses you.
You block the troll's attack. The troll claws you.
You die...

###'#### ######
#......# #.....
#....M.# . #.....
#......# .. ......
#..z...# ... .♣.♣.♣
..##....@## ....
..∩.⌠.
...g.....##.....
.♣.♣.♣
....g...TZ.......
..⌠...
.....g...@.......
.♣.♣.♣
....g............
.∩.⌠.
..g##.$...##.....
..♣.♣.♣ ... #.....#
.......#......
#.......
.............
#....... ... .>......
#.......# . .......
+......## #.....
.....###########.....


You could see Harold, a troll, Menkaure (fast), a wight, 5 gnolls and a centaur
zombie.

Vanquished Creatures
  An ice beast (D:6)
  An orc warrior (D:6)
  The ghost of GigaChad the Covered, an amateur MiFi of Kikubaaqudgha (D:3)
  2 centaurs (D:7)
  A phantom (D:3)
  A kobold brigand (D:6)
  A bullfrog (D:3)
  A scorpion (D:6)
  2 wights (D:7)
  A bullfrog zombie (D:3)
  A centaur zombie (D:6)
  2 jellies (D:6)
  A centaur skeleton (D:3)
  A bullfrog skeleton (D:4)
  2 hounds (D:5)
  Crazy Yiuf (D:2)
  An orc priest (D:5)
  2 orc wizards
  2 iguanas
  A killer bee zombie (D:6)
  7 gnolls
  8 adders
  A shadow imp (D:6)
  A white imp (D:6)
  3 worms
  A dart slug (D:1)
  5 orcs
  6 ball pythons
  4 bats
  8 endoplasms
  5 giant cockroaches
  7 goblins
  4 hobgoblins
  4 jackals (D:1)
  8 kobolds
  6 quokkas
  5 frilled lizards
  7 rats
116 creatures vanquished.

Vanquished Creatures (others)
  22 plants (D:3)
22 creatures vanquished.

Grand Total: 138 creatures vanquished

Notes
Turn   | Place    | Note
-------+----------+-------------------------------------------
     0 | D:1      | issech the Troll Fighter began the quest for the Orb.
     0 | D:1      | Reached XP level 1. HP: 22/22 MP: 0/0
   133 | D:1      | You fall into a shaft and drop 1 floor!
   178 | D:2      | Reached XP level 2. HP: 29/29 MP: 1/1
   588 | D:1      | Reached XP level 3. HP: 36/36 MP: 2/2
   908 | D:2      | Found a faded altar of an unknown god.
  1351 | D:2      | Found a runed translucent door.
  1352 | D:2      | Noticed Crazy Yiuf
  1831 | D:3      | Reached XP level 4. HP: 44/44 MP: 3/3
  2076 | D:3      | Found a transporter.
  2076 | D:3      | Found a snail-covered altar of Cheibriados.
  2101 | D:3      | Found a transporter.
  2108 | D:3      | Noticed a phantom
  2110 | D:3      | Noticed GigaChad's ghost (amateur MiFi)
  2691 | D:4      | Reached XP level 5. HP: 45/53 MP: 4/4
  2937 | D:4      | Reached XP level 6. HP: 31/61 MP: 5/5
  3059 | D:4      | Found Acwoas's Gadget Gallery.
  3724 | D:5      | Entered Level 5 of the Dungeon
  3913 | D:5      | Found a bloodstained altar of Trog.
  4620 | D:2      | Killed Crazy Yiuf
  4797 | D:3      | Reached skill level 1 in Short Blades
  4797 | D:3      | Reached XP level 7. HP: 27/67 MP: 4/6
  4929 | D:3      | Killed GigaChad's ghost
  5869 | D:6      | Reached XP level 8. HP: 70/78 MP: 7/7
  6097 | D:6      | Found an opulent altar of Gozag.
  6099 | D:6      | Found an ornate altar of the Wu Jian Council.
  6107 | D:6      | Found a broken altar of Ashenzari.
  6283 | D:7      | Found Onurig's General Store.
  6283 | D:7      | Found Vathro Goekk's Armour Shoppe.
  6304 | D:7      | Found Fosch's Antique Armour Shoppe.
  6361 | D:7      | Found Horoomm's Book Shoppe.
  6423 | D:7      | Noticed a troll
  6427 | D:7      | Noticed Menkaure
  6455 | D:7      | Noticed Harold
  6464 | D:7      | HP: 3/74 [troll (2)]
  6475 | D:7      | Slain by a troll

Illustrated notes

Levels and vault maps discovered:
D:1:      lemuel_arrival_river_ford, layout_basic
D:2:      layout_basic, ebering_ecumenical_altar_webs, uniq_crazy_yiuf_cottage
D:3:      layout_basic, mainiacjoe_overflow_concentric_impassable,
          gammafunk_ghost_mausoleum, serial_bayou, serial_bayou_pond_c,
          serial_bayou_crossing, serial_bayou_lagoon_a, serial_bayou_lagoon_b,
          kennysheep_generic_room_5
D:4:      layout_basic, nicolae_shop_gadgets
D:5:      layout_basic, mainiacjoe_overflow_surrounded_room
D:6:      layout_basic, gammafunk_temple_overflow_claw
D:7:      minmay_evil_eye, layout_gridville, grunt_temple_overflow_diamond,
          minmay_temple_entry_sparse_star, minmay_shop_grid_forest, uniq_harold,
          uniq_menkaure

Skill      XL: |  1  2  3  4  5  6  7 |
---------------+----------------------+-----
Maces & Flails | 2 3 4 |  4.0
Fighting       | 3 4 |  4.3
Dodging        | 3 4 |  4.8
Shields        | 3 4 |  4.5
Short Blades   | 1 3 |  3.8
Stealth        | |  0.5

Action                   |  1- 3 |  4- 6 |  7- 9 || total
-------------------------+-------+-------+-------++-------
Melee: Flail             |   151 |   137 |       ||   288
       Dagger            |       |   110 |   223 ||   333
Throw: Boomerang         |       |       |     3 ||     3
Armor: Robe              |    58 |    72 |    74 ||   204
Dodge: Dodged            |    77 |   110 |    85 ||   272
Block: Kite shield       |    71 |    99 |    95 ||   265
